 Dungeon Crawl Stone Soup version 0.28-a0-312-gbced6e68ee (webtiles) character file.

Game seed: 2822377443210624389

836 Demosthentine the Poker (level 7, -1/56 HPs)
             Began as a Merfolk Gladiator on Aug 30, 2021.
             Was an Initiate of the Shining One.
             Slain by Dowan (2 damage)
             ... on level 4 of the Dungeon.
             The game lasted 00:03:23 (4146 turns).

Demosthentine the Poker (Merfolk Gladiator)         Turns: 4146, Time: 00:03:24

Health: -1/56      AC:  6    Str: 16    XL:     7   Next: 99%
Magic:  7/7        EV: 15    Int:  7    God:    the Shining One [......]
Gold:   123        SH:  4    Dex: 16    Spells: 6/6 levels left

rFire   . . .      SeeInvis .   a - +1 trident
rCold   . . .      Faith    .   (no shield)
rNeg    . . .      Spirit   .   b - +0 leather armour
rPois   .          Reflect  .   c - +0 helmet
rElec   .          Harm     .   (no cloak)
rCorr   .          Rampage  .   j - +1 pair of gloves
Will    .....                   (no boots)
Stlth   +.........              (no amulet)
HPRegen 0.00/turn               (no ring)
MPRegen 0.10/turn               (no ring)

@: on berserk cooldown, flying, inhibited regen, slowed, glowing, very slow
A: (nimble swimmer 2), mertail, large bone plates 1, inhibited regeneration
a: Renounce Religion


You were on level 4 of the Dungeon.
You worshipped the Shining One.
The Shining One was noncommittal.
You visited 2 branches of the dungeon, and saw 5 of its levels.

You collected 123 gold pieces.

Inventory:

Hand Weapons
 a - a +1 trident (weapon)
Armour
 b - a +0 leather armour (worn)
 c - a +0 helmet (worn)
 j - a +1 pair of gloves (worn)
Scrolls
 e - 2 scrolls of amnesia
 k - a scroll of enchant weapon
Potions
 l - a potion of attraction {unknown}
 m - a potion of magic {unknown}


   Skills:
 + Level 5.1 Fighting
 + Level 7.6 Polearms
 - Level 2.0 Throwing
 + Level 3.0 Armour
 + Level 6.9 Dodging


You had 6 spell levels left.
You didn't know any spells.
Your spell library contained the following spells:

 Spells                   Type           Power      Damage    Failure   Level
 Blink                    Tloc           N/A        N/A       63%         2
 Borgnjor's Vile Clutch   Necr/Erth      0%         N/A       100%        5
 Manifold Assault         Tloc           0%         N/A       100%        5
 Simulacrum               Ice/Necr       0%         N/A       100%        6
 Ozocubu's Refrigeration  Ice            0%         4d5       100%        7
 Storm Form               Tmut/Air       0%         N/A       100%        7


Dungeon Overview and Level Annotations

Branches:
Dungeon (4/15)             Temple (1/1) D:4

Altars:
Cheibriados
Dithmenos
Fedhas
Gozag
Hepliaklqana
Kikubaaqudgha
Makhleb
Ru
Sif Muna
Trog
Xom
Yredelemnul
The Shining One

Shops:
D:3 [

Annotations:
D:4 Dowan


Innate Abilities, Weirdness & Mutations

((You are quick and stealthy near water. (Stealth+, EV+, Speed+++)))
Your lower body shifts to a powerful aquatic tail in water.
You are partially covered in large bone plates. (SH +4)
You do not regenerate when monsters are visible.


Message History

The Shining One protects you from harm!
Unknown command.
You puncture the ogre!
You kill the ogre!
You feel sick.
Your Armour skill increases to level 3!
You feel sick.
The giant cockroach bites you but does no damage.
Dowan mumbles some strange words.
Dowan blinks!
Things that are here:
a +0 giant club; an ogre corpse You closely miss the giant cockroach.
The hound bites you.
* * * LOW HITPOINT WARNING * * *
The giant cockroach closely misses you.
Unknown command.
You feel sick.
Things that are here:
a +1 short sword of venom; a +0 leather armour; a +0 giant club Unknown command.
You barely miss the hound. The hound bites you.
* * * LOW HITPOINT WARNING * * *
Unknown command.
You closely miss the hound.
You feel sick. The hound barely misses you.
You puncture the hound!
The hound is severely wounded.
You feel sick. The hound bites you.
* * * LOW HITPOINT WARNING * * *
Unknown command.
You hit the hound.
You kill the hound!
You are no longer berserk.
You are exhausted.
You feel yourself slow down.
* * * LOW HITPOINT WARNING * * *
You feel sick.
You are no longer poisoned.
The giant cockroach bites you but does no damage.
Dowan hits you with a +0 dagger.
You die...

##...# .... # ##...##
.... ... ...... .....
.....(#.[. .....
(...###..> ......
......#... ......#
..........
#...e############...##
#..ZB@)....### ##...#
......######...# ##.(#
....# ###.# ##.. ..#
#.## ### . #..# ##.#
#### #.#####...
#.......## #########


You could see Dowan (fast), a giant cockroach and an adder skeleton.

Vanquished Creatures
  Sigmund (D:3)
  A water moccasin (D:3)
  Duvessa (D:4)
  2 ogres (D:4)
  A phantom (D:3)
  A jelly (D:4)
  A hound (D:4)
  An orc priest (D:4)
  An iguana (D:3)
  Jessica (D:2)
  4 adders
  An adder skeleton (D:4)
  3 worms (D:2)
  3 dart slugs
  6 orcs (D:4)
  2 ball pythons
  3 bats
  3 endoplasms
  5 goblins (D:1)
  4 hobgoblins
  3 quokkas (D:1)
  2 frilled lizards (D:2)
  4 kobolds
  4 rats
  A spectral hobgoblin (D:1)
59 creatures vanquished.

Notes
Turn   | Place    | Note
-------+----------+-------------------------------------------
     0 | D:1      | Demosthentine the Merfolk Gladiator began the quest for the
                  | Orb.
     0 | D:1      | Reached XP level 1. HP: 16/16 MP: 1/1
   167 | D:1      | Found a faded altar of an unknown god.
   242 | D:1      | Reached XP level 2. HP: 23/23 MP: 2/2
   709 | D:1      | Reached XP level 3. HP: 26/28 MP: 3/3
  1204 | D:2      | Noticed Jessica
  1213 | D:2      | Killed Jessica
  1214 | D:2      | Reached skill level 5 in Polearms
  1214 | D:2      | Reached skill level 1 in Armour
  1214 | D:2      | Reached XP level 4. HP: 25/35 MP: 4/4
  1525 | D:2      | Got the Catalogue of Snow and Evil Magic
  1857 | D:3      | Noticed Sigmund
  1874 | D:3      | Killed Sigmund
  1875 | D:3      | Reached skill level 6 in Polearms
  1875 | D:3      | Reached skill level 5 in Dodging
  1875 | D:3      | Reached XP level 5. HP: 25/42 MP: 5/5
  1875 | D:3      | Reached XP level 6. HP: 28/48 MP: 6/6
  2419 | D:3      | Found Damuo's Antique Armour Shoppe.
  2473 | D:3      | Found an ancient bone altar of Kikubaaqudgha.
  2473 | D:3      | Noticed a water moccasin
  2490 | D:3      | Killed a water moccasin
  3055 | D:3      | Found a shimmering blue altar of Sif Muna.
  3167 | D:4      | Found a staircase to the Ecumenical Temple.
  3185 | Temple   | Entered the Ecumenical Temple
  3479 | Temple   | Became a worshipper of the Shining One
  3504 | D:4      | Reached XP level 7. HP: 44/55 MP: 7/7
  4117 | D:4      | Noticed Duvessa
  4121 | D:4      | Reached skill level 7 in Polearms
  4122 | D:4      | Noticed Dowan
  4130 | D:4      | Gained mutation: You do not regenerate when monsters are
                  | visible. [potion of mutation]
  4130 | D:4      | Gained mutation: You are partially covered in large bone
                  | plates. (SH +4) [potion of mutation]
  4134 | D:4      | Killed Duvessa
  4135 | D:4      | Reached skill level 5 in Fighting
  4137 | D:4      | The Shining One protects you from harm!
  4144 | D:4      | HP: 4/84 [hound (1)]
  4146 | D:4      | HP: 1/56 [poisoned by Duvessa]
  4146 | D:4      | Slain by Dowan

Illustrated notes

Levels and vault maps discovered:
D:1:      kilobyte_arrival_exit_the_forest, layout_loops_ring,
          dreamdust_ecumenical_altar_drowned_temple, st_stairs_1,
          palyth_stone_intersect
D:2:      layout_rooms, minmay_misc_feat_rows, minmay_misc_feat_more_columns,
          uniq_jessica
D:3:      layout_basic, overflow_temple_1_default,
          nicolae_sif_muna_little_library, serial_shops, shop, uniq_sigmund
D:4:      layout_rooms, minmay_temple_entry_tees, st_stairs_5,
          minmay_liquid_box, uniq_duvessa
Temple:   minmay_temple_curvy_loop

Skill      XL: |  1  2  3  4  5  6  7 |
---------------+----------------------+-----
Fighting       | 3 4 5 |  5.1
Polearms       | 5 6 7 |  7.6
Armour         | 1 2 3 |  3.0
Dodging        | 5 6 |  6.9
Throwing       | |  2.0

Action                   |  1- 3 |  4- 6 |  7- 9 || total
-------------------------+-------+-------+-------++-------
Melee: Trident           |    81 |   103 |    82 ||   266
Throw: Throwing net      |       |     2 |     1 ||     3
  Use: Scroll            |     3 |     1 |       ||     4
       Potion            |       |       |     4 ||     4
 Stab: Sleeping          |     1 |       |       ||     1
       Held in net/web   |       |     2 |       ||     2
Armor: Leather armour    |    11 |    23 |     9 ||    43
Dodge: Dodged            |    35 |    55 |    34 ||   124
Block: Other             |       |       |     2 ||     2

Table legend: (Time is in decaauts)
 A = Elapsed time spent in this place.
 B = Non-inter-level travel time spent in this place.
 C = Inter-level travel time spent in this place.
 D = Time resting spent in this place.
 E = Time spent auto-exploring this place.
 F = Levels seen in this place.
 G = Mean time per level.
                   A        B        C        D        E       F      G
               +--------+--------+--------+--------+--------+-----+--------+
         Total |   4134 |   4041 |     93 |    217 |   3233 |   5 |  826.8 |
       Dungeon |   3823 |   3730 |     93 |    217 |   2979 |   4 |  955.8 |
        Temple |    311 |    311 |      0 |      0 |    253 |   1 |  311.0 |
               +--------+--------+--------+--------+--------+-----+--------+

Top non-repeatable levels by time:
     D:3: 1496 daAuts
     D:1: 1113 daAuts
     D:2: 740 daAuts
     D:4: 473 daAuts
  Temple: 311 daAuts
